AoeStats
← GimmeYourTots

Arabia

510322188Analyzed
1v1 RM · 21h ago on Sep 30, 2026· 50m 24s· 2 players
Game mode
Random Map
Map size
Tiny (2 player)
Population
200
Speed
Normal
Resources
Standard
Victory
Conquest
Starting age
Dark Age
Ending age
Imperial Age
RankedLock teamsTeams togetherTeam positionsShared explorationLock speedFull tech treeHidden civsTurbo modeCheats
Victory
Defeat
🇹🇷 Bulgarians · Türkiye
475
+19
🇺🇸 Vikings · United States
549
-19
M2095
9:15 Feudal Age
11:04 Double-Bit Axe
11:52 Gold Mining
18:24 Arson
19:16 Scale Mail Armor
22:37 Wheelbarrow
29:18 Horse Collar
34:29 Castle Age
33:24 Stone Mining
36:57 Bow Saw
37:27 Gambesons
41:41 Chain Mail Armor
41:32 Scale Barding Armor
42:43 Hand Cart
43:50 Chain Barding Armor
44:49 Squires
46:02 Heavy Plow
50:47 Imperial Age
50:17 Stirrups
GimmeYourTots
8:40 Loom
11:30 Feudal Age
12:21 Man-at-Arms
14:57 Forging
14:48 Scale Mail Armor
15:49 Double-Bit Axe
16:39 Fletching
16:51 Padded Archer Armor
17:24 Horse Collar
27:46 Castle Age
28:33 Long Swordsman
28:38 Elite Skirmisher
33:56 Chain Mail Armor
35:25 Squires
38:50 Iron Casting
40:08 Arson
Connection lost

Rejoining the realm…

Still unreachable

The connection could not be restored.

Session expired

The server has moved on; the page needs a fresh start.